 Dungeon Crawl Stone Soup version 0.29-a0-231-g945431f764 (webtiles) character file.

Game seed: 6294492364172182856

238 fragbeetle the Poker (level 5, -2/41 HPs)
             Began as a Demonspawn Cinder Acolyte on Mar 1, 2022.
             Was a High Priest of Ignis.
             Succumbed to a scorpion's poison
             ... on level 4 of the Dungeon.
             The game lasted 00:04:08 (3608 turns).

fragbeetle the Poker (Demonspawn Cinder Acolyte)    Turns: 3608, Time: 00:04:09

Health: -2/41      AC:  6    Str: 16    XL:     5   Next: 78%
Magic:  4/6        EV: 10    Int: 16    God:    Ignis [*****.]
Gold:   120        SH:  4    Dex:  8    Spells: 4/6 levels left

rFire   + . .      SeeInvis .   o - +0 trident
rCold   . . .      Faith    .   (no shield)
rNeg    . . .      Spirit   .   g - +0 ring mail
rPois   .          Reflect  .   (no helmet)
rElec   .          Harm     .   (no cloak)
rCorr   .          Rampage  .   m - +0 pair of gloves
Will    .....                   (no boots)
Stlth   ..........              (no amulet)
HPRegen 0.13/turn               (no ring)
MPRegen 0.10/turn               (no ring)

@: mighty, lethally poisoned (-2 -> -18)
A: large bone plates 1, foul stench 1
a: Renounce Religion, Fiery Armour, Foxfire Swarm, Rising Flame


You were on level 4 of the Dungeon.
You worshipped Ignis.
Ignis was extremely pleased with you.
You visited 1 branch of the dungeon, and saw 4 of its levels.

You collected 120 gold pieces.

Inventory:

Hand Weapons
 a - a -1 spear of flaming
 o - a +0 trident (weapon)
Missiles
 e - 4 javelins (quivered)
 l - 5 poisoned darts
 v - 2 atropa-tipped darts
Armour
 b - a +0 robe
 g - a +0 ring mail (worn)
 m - a +0 pair of gloves (worn)
Wands
 s - a wand of paralysis (11)
Scrolls
 c - a scroll of holy word {unknown}
 d - 5 scrolls of identify {unknown}
 h - a scroll of summoning {unknown}
 i - a scroll of magic mapping {unknown}
 j - 2 scrolls of immolation {unknown}
 k - a scroll of fear {unknown}
 n - a scroll of brand weapon {unknown}
 p - a scroll of enchant armour {unknown}
 t - a scroll of teleportation {unknown}
 w - a scroll of torment {unknown}
Potions
 f - a potion of heal wounds {unknown}
 q - a potion of resistance {unknown}
 r - a potion of brilliance {unknown}
 u - a potion of might


   Skills:
 - Level 3.0 Fighting
 + Level 4.6 Polearms
 - Level 1.0 Spellcasting
 + Level 4.6 Fire Magic


You had 4 spell levels left.
You knew the following spells:

 Your Spells              Type           Power      Damage    Failure   Level
a - Scorch                Fire           30%        2d7       10%         2

Your spell library contained the following spells:

 Spells                   Type           Power      Damage    Failure   Level
 Magic Dart               Conj           0%         1d3       41%         1
 Searing Ray              Conj           0%         2d4       54%         2
 Fulminant Prism          Conj/Hex       0%         3d6       99%         4


Dungeon Overview and Level Annotations

Branches:
Dungeon (4/15)
 Temple: D:4-7

Altars:

Annotations:
D:3 1 runed translucent door, Crazy Yiuf


Innate Abilities, Weirdness & Mutations

You are partially covered in large bone plates. (SH +4)
You may rarely emit foul miasma when damaged in melee.


Message History

You hit the scorpion but do no damage. The scorpion stings you.
The scorpion stings you but does no damage.
You hit the scorpion but do no damage.
The scorpion stings you but does no damage.
You closely miss the scorpion. The scorpion barely misses you.
You closely miss the scorpion. The scorpion stings you.
You puncture the scorpion!
The scorpion is moderately wounded.
The scorpion closely misses you. You block the scorpion's attack.
You hit the scorpion.
The scorpion is severely wounded.
The scorpion stings you.
You hit the scorpion.
The scorpion is severely wounded.
The scorpion stings you.
You are poisoned.
The scorpion poisons you!
You hit the scorpion.
The scorpion is almost dead.
You feel very sick. The scorpion stings you. The scorpion stings you!
You completely miss the scorpion.
The scorpion is almost dead.
You feel sick. The scorpion misses you.
Unknown command.
Casting: Scorch (safe; 10% risk of failure)
Confirm with . or Enter, or press ? or * to list all spells.
Flames lash the dart slug.
The dart slug is moderately wounded.
The dart slug's fire resistance burns away.
You feel sick.
You hear an angry growl.
The scorpion stings you!
* * * LOW HITPOINT WARNING * * *
You are more poisoned.
The scorpion poisons you!
Unknown command.
It was a potion of might.
You feel very mighty all of a sudden.
You die...

#......#
#......####
...#.#
#.........#
...#.#
#...†..##.#
.....#
#......##.#
#....
#.........#
....
#......#####..#
#..........#..#
####......@sw.#
#.......##.#
#.......# #
#.......#
########. ..
... ...#


You could see a scorpion and a dart slug (combustible).

Vanquished Creatures
  A scorpion (D:4)
  A jelly (D:4)
  A hound (D:4)
  2 adders
  2 worms
  A dart slug (D:1)
  An orc (D:3)
  2 ball pythons (D:1)
  6 bats
  13 endoplasms
  3 giant cockroaches
  6 goblins
  11 hobgoblins
  9 jackals
  9 kobolds
  3 quokkas
  2 frilled lizards
  7 rats
80 creatures vanquished.

Notes
Turn   | Place    | Note
-------+----------+-------------------------------------------
     0 | D:1      | fragbeetle the Demonspawn Cinder Acolyte began the quest
                  | for the Orb.
     0 | D:1      | Reached XP level 1. HP: 18/18 MP: 2/2
    30 | D:1      | Gained mutation: You are partially covered in large bone
                  | plates. (SH +4) [demonic ancestry]
    30 | D:1      | Reached XP level 2. HP: 13/24 MP: 3/3
   459 | D:1      | Reached XP level 3. HP: 17/29 MP: 4/4
   943 | D:1      | Learned a level 2 spell: Scorch
  1957 | D:2      | Found a faded altar of an unknown god.
  1995 | D:2      | Gained mutation: You may rarely emit foul miasma when
                  | damaged in melee. [demonic ancestry]
  1995 | D:2      | Reached XP level 4. HP: 27/35 MP: 5/5
  2169 | D:3      | Found a runed translucent door.
  2170 | D:3      | Noticed Crazy Yiuf
  2919 | D:4      | Noticed a scorpion
  2928 | D:4      | Killed a scorpion
  2929 | D:4      | Reached XP level 5. HP: 26/41 MP: 1/6
  3607 | D:4      | HP: 2/41 [scorpion (8)]
  3608 | D:4      | Succumbed to a scorpion's poison

Illustrated notes

Levels and vault maps discovered:
D:1:      dpeg_arrival_ternary, layout_loops_ring,
          hangedman_abyss_or_decor_lesser_grid
D:2:      kennysheep_six_static_rooms, layout_loops_cross,
          hellmonk_ecumenical_altar_crossroads
D:3:      layout_rooms, minmay_between, uniq_crazy_yiuf_cottage
D:4:      layout_basic, serial_curves, eino_curves_02, eino_curves_03

Skill      XL: |  1  2  3  4 |
---------------+-------------+-----
Polearms       | 3 4 |  4.6
Fire Magic     | 3 4 |  4.6
Fighting       | |  3.0
Spellcasting   | |  1.0

Action                   |  1- 3 |  4- 6 || total
-------------------------+-------+-------++-------
Melee: Spear             |   207 |    54 ||   261
       Punch             |     3 |       ||     3
       Trident           |       |    65 ||    65
 Cast: Scorch            |       |     3 ||     3
Invok: Fiery Armour      |     1 |       ||     1
  Use: Potion            |       |     1 ||     1
 Stab: Sleeping          |     1 |       ||     1
Armor: Robe              |    28 |       ||    28
       Ring mail         |    17 |    22 ||    39
Dodge: Dodged            |    86 |    44 ||   130
Block: Other             |    19 |    11 ||    30

Table legend: (Time is in decaauts)
 A = Elapsed time spent in this place.
 B = Non-inter-level travel time spent in this place.
 C = Inter-level travel time spent in this place.
 D = Time resting spent in this place.
 E = Time spent auto-exploring this place.
 F = Levels seen in this place.
 G = Mean time per level.
                   A        B        C        D        E       F      G
               +--------+--------+--------+--------+--------+-----+--------+
         Total |   3593 |   3528 |     65 |    176 |   2773 |   4 |  898.2 |
       Dungeon |   3593 |   3528 |     65 |    176 |   2773 |   4 |  898.2 |
               +--------+--------+--------+--------+--------+-----+--------+

Top non-repeatable levels by time:
     D:1: 1244 daAuts
     D:2: 897 daAuts
     D:3: 755 daAuts
     D:4: 697 daAuts
